 Dungeon Crawl Stone Soup version 0.26-a0-540-g8a0c9464d7 (webtiles) character file.

Game seed: 14206595532393292350

542 vurker the Gusty (level 7, -2/40 HPs)
             Began as a Tengu Air Elementalist on Aug 22, 2020.
             Was an Initiate of Vehumet.
             Killed from afar by an orc wizard (11 damage)
             ... with a puff of flame
             ... on level 5 of the Dungeon.
             The game lasted 00:07:13 (5451 turns).

vurker the Gusty (Tengu Air Elementalist)           Turns: 5451, Time: 00:07:13

Health: -2/40      AC:  2    Str: 14    XL:     7   Next: 27%
Magic:  2/14       EV: 15    Int: 17    God:    Vehumet [......]
Gold:   120        SH:  7    Dex: 15    Spells: 4/14 levels left

rFire    . . .     SeeInvis .   k - +0 dagger (venom)
rCold    . . .     Faith    .   h - +2 buckler
rNeg     . . .     Spirit   .   a - +0 robe
rPois    .         Reflect  .   (helmet restricted)
rElec    .         Harm     .   (no cloak)
rCorr    .                      (no gloves)
MR       .....                  (boots unavailable)
Stlth    ++........             b - amulet of the acrobat
HPRegen  0.13/turn              i - +6 ring of strength
MPRegen  0.14/turn              (no ring)

@: flying quickly and evasively, quick
A: beak, talons 3, able to fly
a: Stop Flying, Renounce Religion


You were on level 5 of the Dungeon.
You worshipped Vehumet.
Vehumet was noncommittal.
You visited 2 branches of the dungeon, and saw 6 of its levels.

You collected 294 gold pieces.
You spent 174 gold pieces at shops.

Inventory:

Hand Weapons
 k - a +0 dagger of venom (weapon)
   (You took it off Jessica on level 3 of the Dungeon)
Armour
 a - a +0 robe (worn)
 h - a +2 buckler (worn)
   (You found it on level 1 of the Dungeon)
Jewellery
 b - an amulet of the acrobat (around neck)
   (You found it on level 4 of the Dungeon)
 i - a +6 ring of strength (left hand)
   (You found it on level 1 of the Dungeon)
 r - an uncursed ring of ice
   (You found it on level 1 of the Dungeon)
Wands
 d - a wand of iceblast (7)
   (You found it on level 3 of the Dungeon)
Scrolls
 c - a scroll of enchant weapon {unknown}
 e - 3 scrolls of fog {unknown}
 f - 2 scrolls of fear
 j - a scroll of immolation {unknown}
 l - 3 scrolls of teleportation
 m - 4 scrolls of remove curse
 n - 5 scrolls of magic mapping
 q - 2 scrolls of enchant armour
Potions
 g - 2 potions of haste
 o - a potion of lignification
 p - a potion of brilliance
 s - a potion of resistance {unknown}


   Skills:
 + Level 2.4 Fighting
 - Level 2.1 Dodging
 - Level 2.0 Stealth
 * Level 3.3 Shields
 * Level 4.0 Spellcasting
 + Level 3.4 Conjurations
 * Level 6.3 Air Magic


You had 4 spell levels left.
You knew the following spells:

 Your Spells              Type           Power        Failure   Level
a - Shock                 Conj/Air       ###.         2%          1
b - Lightning Bolt        Conj/Air       ###.......   54%         5
c - Airstrike             Air            ###.......   12%         4

Your spell library contained the following spells:

 Spells                   Type           Power        Failure   Level
 Swiftness                Air            ###.....     1%          2
 Static Discharge         Conj/Air       ###.....     7%          3


Dungeon Overview and Level Annotations

Branches:
Dungeon (5/15)             Temple (1/1) D:4

Altars:
Ashenzari
Cheibriados
Dithmenos
Elyvilon
Fedhas
Gozag
Hepliaklqana
Kikubaaqudgha
Makhleb
Nemelex Xobeh
Okawaru
Qazlal
Ru
Sif Muna
Trog
Uskayaw
Vehumet
Wu Jian
Xom
Yredelemnul
Zin
The Shining One

Shops:
D:4 ?


Innate Abilities, Weirdness & Mutations

You have a beak for a mouth.
You have claws for feet.
You can fly continuously.


Message History

You can't see any susceptible monsters within range! (Use Z to cast anyway.)
An orc wizard is nearby!
An orc wizard is nearby!
Aim: an orc wizard, wielding a +2 vampiric whip, wearing a +0 robe and carrying a wand of digging (3)
The zap hits the orc wizard.
Aim: an orc wizard, wielding a +2 vampiric whip, wearing a +0 robe and carrying a wand of digging (3) (lightly wounded)
The zap hits the orc wizard.
Aim: an orc wizard, wielding a +2 vampiric whip, wearing a +0 robe and carrying a wand of digging (3) (moderately wounded)
The zap hits the orc wizard.
An orc priest comes into view. It is wielding a +0 dagger.
Aim: an orc wizard, wielding a +2 vampiric whip, wearing a +0 robe and carrying a wand of digging (3) (moderately wounded)
The zap misses the orc wizard.
The zap hits the orc priest.
The orc priest shouts!
Aim: an orc wizard, wielding a +2 vampiric whip, wearing a +0 robe and carrying a wand of digging (3) (moderately wounded)
The zap hits the orc wizard but does no damage.
Aim: an orc wizard, wielding a +2 vampiric whip, wearing a +0 robe and carrying a wand of digging (3) (moderately wounded)
The zap hits the orc wizard.
Aim: an orc wizard, wielding a +2 vampiric whip, wearing a +0 robe and carrying a wand of digging (3) (heavily wounded)
The zap misses the orc wizard.
The orc priest calls upon Beogh to heal the orc wizard.
The orc wizard is healed somewhat.
The orc wizard hits you with a +2 vampiric whip!
The orc wizard draws strength from your wounds!
You see here a +0 trident.
The orc priest calls down the wrath of Beogh upon you.
Beogh smites you!
The orc wizard casts a spell.
The orc wizard flickers and vanishes!
Deactivating autopickup; reactivate with Ctrl-A.
You see here a hound skeleton.
The orc priest mumbles some strange prayers to Beogh against you.
Beogh smites you!
* * * LOW HITPOINT WARNING * * *
There is an open door here.
Items here: ) [ ÷ †.
Aim: an orc priest, wielding a +0 dagger (moderately wounded)
The zap hits the orc priest!
Aim: an orc priest, wielding a +0 dagger (almost dead)
The zap hits the orc priest.
You kill the orc priest!
Vehumet accepts your kill.
Your Spellcasting skill increases to level 4!
Something barely misses you.
The mass of ice explodes!
The iceblast engulfs something!
The iceblast engulfs you.
* * * LOW HITPOINT WARNING * * *
You hear some strange, mumbled words.
A puff of flame appears from out of thin air!
The puff of flame hits you!
You die...

#......# # .........# ###.##.# #
.........# ######.##.# #
.........# #......##.# #
.........# ######.##.# #
.........# #....# #
.).......###### ############
......)..#....#############.....
.)..).)[.)...÷{@................
..#####÷##....#############.####
#.##....# #.# #'####### #.# ...
#.# ... #.# .... #.#### .....
#..... ######


There were no monsters in sight!

Vanquished Creatures
  3 howler monkeys
  A hound (D:5)
  3 orc priests
  A centaur skeleton (D:5)
  2 orc wizards
  Jessica (D:3)
  An iguana (D:4)
  A worker ant (D:4)
  6 adders
  2 worms
  2 dart slugs
  3 leopard geckos
  19 orcs
  2 ball pythons
  A giant cockroach (D:3)
  7 hobgoblins
  2 jackals (D:1)
  4 kobolds
  2 quokkas (D:5)
  4 bats
  4 frilled lizards
  6 goblins
  7 rats
84 creatures vanquished.

Notes
Turn   | Place    | Note
-------+----------+-------------------------------------------
     0 | D:1      | vurker the Tengu Air Elementalist began the quest for the
                  | Orb.
     0 | D:1      | Reached XP level 1. HP: 10/10 MP: 4/4
   174 | D:1      | Reached XP level 2. HP: 16/16 MP: 4/6
  1065 | D:2      | Found a faded altar of an unknown god.
  1068 | D:2      | Reached XP level 3. HP: 20/20 MP: 3/7
  1854 | D:2      | Reached skill level 1 in Shields
  2325 | D:3      | Reached skill level 1 in Fighting
  2325 | D:3      | Reached XP level 4. HP: 14/25 MP: 3/9
  2644 | D:3      | Reached skill level 5 in Air Magic
  2813 | D:3      | Gained mutation: You can fly continuously. [Tengu growth]
  2813 | D:3      | Reached XP level 5. HP: 23/29 MP: 4/10
  3533 | D:3      | Noticed Jessica
  3547 | D:3      | Killed Jessica
  3638 | D:4      | Got an opalescent robe
  3649 | D:4      | Identified the +2 robe of the Loofah {Rampage Dex+3} (You
                  | found it on level 4 of the Dungeon)
  3725 | D:4      | Found Badulisk's Magic Scroll Emporium.
  3731 | D:4      | Bought a scroll of teleportation for 36 gold pieces
  3731 | D:4      | Bought a scroll of fear for 42 gold pieces
  3731 | D:4      | Bought a scroll of teleportation for 36 gold pieces
  3731 | D:4      | Bought a scroll of teleportation for 36 gold pieces
  3731 | D:4      | Bought a scroll of identify for 24 gold pieces
  3849 | D:4      | Found a staircase to the Ecumenical Temple.
  3864 | Temple   | Entered the Ecumenical Temple
  3869 | Temple   | Became a worshipper of Vehumet
  3966 | D:4      | Learned a level 4 spell: Airstrike
  3972 | D:4      | Learned a level 5 spell: Lightning Bolt
  4028 | D:4      | Found a shimmering altar of Xom.
  4030 | D:4      | Found a sacrificial altar of Ru.
  4030 | D:4      | Found an iron altar of Okawaru.
  4031 | D:4      | Found a shimmering blue altar of Sif Muna.
  4031 | D:4      | Found a stormy altar of Qazlal.
  4031 | D:4      | Found an ornate altar of the Wu Jian Council.
  4060 | D:4      | Reached XP level 6. HP: 31/35 MP: 6/12
  4277 | D:4      | Found a shattered altar of Ashenzari.
  4838 | D:5      | Entered Level 5 of the Dungeon
  5101 | D:5      | Reached skill level 6 in Air Magic
  5175 | D:5      | Reached XP level 7. HP: 40/40 MP: 6/13
  5451 | D:5      | Killed from afar by an orc wizard

Illustrated notes

Levels and vault maps discovered:
D:1:      mrwooster_arrival_arrow, layout_basic, kennysheep_pointless_box,
          chequers_decorated_corner
D:2:      layout_basic, chequers_ecumenical_altar_simple
D:3:      layout_rooms, uniq_jessica
D:4:      layout_loops_ring, grunt_temple_overflow_open, lemuel_crystal_altar,
          minmay_temple_entry_glassed_door, serial_shops, shop
D:5:      layout_basic
Temple:   minmay_freezing_vapour_temple

Skill      XL: |  1  2  3  4  5  6  7 |
---------------+----------------------+-----
Conjurations   | 2 3 |  3.4
Shields        | 1 2 3 |  3.3
Fighting       | 1 2 |  2.4
Air Magic      | 5 6 |  6.3
Spellcasting   | 3 4 |  4.0
Dodging        | |  2.1
Stealth        | |  2.0

Action                   |  1- 3 |  4- 6 |  7- 9 || total
-------------------------+-------+-------+-------++-------
Melee: Unarmed           |     2 |       |       ||     2
       Kick              |     2 |     2 |     2 ||     6
       Short sword       |     2 |     1 |       ||     3
       Dagger            |       |     7 |     2 ||     9
       Peck              |       |     1 |     1 ||     2
 Cast: Shock             |    75 |   145 |    30 ||   250
 Abil: Fly               |       |     1 |       ||     1
Evoke: Wand              |       |       |     1 ||     1
  Use: Scroll            |       |    11 |       ||    11
Armor: Robe              |     1 |     3 |       ||     4
Dodge: Dodged            |     3 |    23 |     2 ||    28
Block: Buckler           |     1 |     9 |       ||    10

Table legend: (Time is in decaauts)
 A = Elapsed time spent in this place.
 B = Non-inter-level travel time spent in this place.
 C = Inter-level travel time spent in this place.
 D = Time resting spent in this place.
 E = Time spent auto-exploring this place.
 F = Levels seen in this place.
 G = Mean time per level.
                   A        B        C        D        E       F      G
               +--------+--------+--------+--------+--------+-----+--------+
         Total |   5357 |   5232 |    125 |    197 |   4405 |   6 |  892.8 |
       Dungeon |   5347 |   5226 |    121 |    197 |   4405 |   5 | 1069.4 |
        Temple |     10 |      7 |      3 |      0 |      0 |   1 |   10.0 |
               +--------+--------+--------+--------+--------+-----+--------+

Top non-repeatable levels by time:
     D:2: 1493 daAuts
     D:4: 1138 daAuts
     D:1: 1062 daAuts
     D:3: 1054 daAuts
     D:5: 598 daAuts
  Temple: 10 daAuts
